 Dungeon Crawl Stone Soup version 0.17-a0-989-gada8a91 (webtiles) character file.

56 Jine the Skirmisher (level 3, 0/29 HPs)
             Began as a Demonspawn Fighter on May 12, 2015.
             Slain by an adder (1 damage)
             ... on level 2 of the Dungeon.
             The game lasted 00:04:13 (1007 turns).

Jine the Skirmisher (Demonspawn Fighter)            Turns: 1007, Time: 00:04:15

Health: 0/29       AC:  6    Str: 17    XL:     3   Next: 71%
Magic:  3/3        EV:  7    Int:  9    God:
Gold:   40         SH:  9    Dex: 12    Spells: 0 memorised, 2 levels left

rFire  . . .     SeeInvis .     a - +0 flail
rCold  . . .     Clarity  .     b - +0 scale mail
rNeg   . . .     SustAb   .     c - +0 shield
rPois  .         Gourm    .     (no helmet)
rElec  .         Spirit   .     (no cloak)
rCorr  .         Warding  .     (no gloves)
rMut   .         Stasis   .     (no boots)
MR     .....                    (no amulet)
Stlth  +.........               (no ring)
                                (no ring)

@: lethally poisoned (0 -> -1), not resistant to hostile enchantments, very
unstealthy
A: nightstalker 1, powered by death 1
a: no special abilities


You were on level 2 of the Dungeon.
You were hungry.

You visited 1 branch of the dungeon, and saw 2 of its levels.

You collected 40 gold pieces.

Inventory:

Hand weapons
 a - a +0 flail (weapon)
Armour
 b - a +0 scale mail (worn)
 c - a +0 shield (worn)
 k - a cursed +0 leather armour
 l - a +0 ring mail
Scrolls
 g - a scroll of amnesia {unknown}
 h - a scroll of enchant weapon {unknown}
 i - 2 scrolls of teleportation {unknown}
 j - a scroll of fog {unknown}
 m - 2 scrolls of remove curse {unknown}
 n - a scroll of random uselessness {unknown}
 p - a scroll of identify {unknown}
 q - a scroll of magic mapping {unknown}
Potions
 d - a potion of might
Comestibles
 e - 2 bread rations
 f - a meat ration


   Skills:
 + Level 3.4 Fighting
 + Level 2.0 Maces & Flails
 + Level 3.0 Armour
 - Level 0.8 Dodging
 + Level 3.3 Shields


You had 2 spell levels left.
You didn't know any spells.

Dungeon Overview and Level Annotations

Branches:
Dungeon (2/15)

Altars:
Ashenzari
Qazlal


Innate Abilities, Weirdness & Mutations

You are slightly more attuned to the shadows.
You can steal the life force of nearby defeated enemies.


Message History

You sock the adder!
You kill the adder!
The bat hits you but does no damage. The adder bites you but does no damage.
The adder bites you but does no damage.
You cannot move.
Your shield prevents you from hitting the adder.
You feel sick. You block the bat's attack.
The adder bites you but does no damage.
You closely miss the adder. You block the bat's attack.
You block the adder's attack. The bat barely misses you.
The adder bites you but does no damage.
You closely miss the adder. The bat hits you but does no damage.
The adder barely misses you. The adder bites you but does no damage.
You completely miss the adder.
You feel less woody.
Your +0 scale mail unmelds from your body.
* * * LOW HITPOINT WARNING * * *
You feel sick. You block the bat's attack.
The adder bites you but does no damage. The adder bites you.
You die...

.... ....
##...#.#.##...#
..... .......###
.###....
.........
...#...#
........ ......#
#.......
#.S.#####.#
#..@##....#
#...##.##.##
#.#.##.#...###.
#.#b....._......
#....###...#.##.
####.# ##.##.#
#.# #... # #.#
#.### #.. ..#


You could see an adder and a bat.

Vanquished Creatures
  2 adders (D:2)
  An ooze (D:2)
  A worm (D:2)
  A giant gecko (D:1)
  7 bats
  6 goblins
  3 hobgoblins (D:1)
  A ball python (D:1)
  A giant cockroach (D:1)
  3 giant newts
  2 kobolds (D:2)
  5 rats
33 creatures vanquished.

Notes
Turn   | Place    | Note
--------------------------------------------------------------
     0 | D:1      | Jine the Demonspawn Fighter began the quest for the Orb.
     0 | D:1      | Reached XP level 1. HP: 18/18 MP: 1/1
   297 | D:1      | Gained mutation: You can steal the life force of nearby defeated enemies. [demonic ancestry]
   297 | D:1      | Reached XP level 2. HP: 13/24 MP: 2/2
   798 | D:2      | Gained mutation: You are slightly more attuned to the shadows. [demonic ancestry]
   798 | D:2      | Reached XP level 3. HP: 26/29 MP: 3/3
   929 | D:2      | Found a shattered altar of Ashenzari.
   944 | D:2      | Found a stormy altar of Qazlal.
  1007 | D:2      | HP: 1/29 [poisoned by an adder]
  1007 | D:2      | Slain by an adder

Vault maps used:
D:1:      dpeg_arrival_oval
D:2:      gammafunk_temple_overflow_wave, nicolae_overflow_crystal_walls,
          first_bread, lemuel_tele_altar

Action                   || total
-------------------------++-------
Melee: Flail             ||   143
  Use: Potion            ||     1
